 Dungeon Crawl Stone Soup version 0.31-a0-300-g4ac5daa9c1 (webtiles) character file.

Game seed: 3043241862920435960

98 Angani the Changeling (level 4, -10/36 HPs)
             Began as a Draconian Shapeshifter on July 16, 2023.
             Killed by nerve-wracking pain
             ... invoked by Grinder
              (11 damage)
             ... while paralysed by Grinder
             ... on level 3 of the Dungeon.
             The game lasted 00:02:59 (1163 turns).

Angani the Changeling (Draconian Shapeshifter)      Turns: 1163, Time: 00:02:59

Health: -10/36     AC:  5    Str: 20    XL:     4   Next: 43%
Magic:  4/4        EV:  2    Int:  8    God:
Gold:   1074       SH:  0    Dex: 11    Spells: 3/3 levels left

rFire   . .          .
                       - Unarmed
rCold   . . .        (no shield)
rNeg    . . .        (body armour unavailable)
rPois   .            (helmet currently unavailable)
rElec   .            (cloak currently unavailable)
rCorr   .            (gloves currently unavailable)
SInv    .            (boots currently unavailable)
Will    .....        (no amulet)
Stlth   +            (no ring)
HPRegen 0.26/turn    (no ring)
MPRegen 0.09/turn

%: no passive effects
@: paralysed, beast-form
A: beast (slay +2), AC +5, unfitting armour, cold-blooded
a: Begin Untransformation


You were on level 3 of the Dungeon.
You were a hulking beast.
You visited 1 branch of the dungeon, and saw 3 of its levels.

You collected 1074 gold pieces.

Inventory:

Armour
 f - a +0 cloak
Talismans
 b - a beast talisman
Scrolls
 e - a scroll of enchant armour


   Skills:
 - Level 2.1 Fighting
 - Level 1.7 Dodging
 + Level 3.6 Unarmed Combat
 + Level 3.9 Shapeshifting


You had 3 spell levels left.
You didn't know any spells.
Your spell library contained the following spells:

 Spells                   Type           Power      Damage    Failure   Level
 Simulacrum               Ice/Necr       0%         N/A       100%        6
 Ozocubu's Refrigeration  Ice            0%         4d7       100%        7
 Polar Vortex             Ice            0%         N/A       100%        9


Dungeon Overview and Level Annotations

Branches:
Dungeon (2/15)

Altars:

Shops:
D:2 *

Annotations:
D:3 Grinder


Innate Abilities, Weirdness & Mutations

You are a hulking beast.
Your limbs bulge with bestial killing power. (Slay +2)
Your plain brown scales are hard. (AC +5)
You cannot fit into any form of body armour.
You are cold-blooded and may be slowed by cold attacks.


Message History

Grinder is almost dead.
Grinder gestures at you.
You suddenly lose the ability to move!
Grinder blinks!
Grinder gestures at you.
You shrug off the repeated paralysis!
You can move again.
Unknown command.
Unknown command.
Unknown command.
Unknown command.
Unknown command.
Unknown command.
Unknown command.
Unknown command.
Unknown command.
Unknown command.
Unknown command.
Unknown command.
Unknown command.
Unknown command.
Unknown command.
Unknown command.
Unknown command.
Unknown command.
Grinder gestures at you.
You shrug off the repeated paralysis!
Grinder gestures at you.
You shrug off the repeated paralysis!
You barely miss Grinder.
Your tail-slap misses Grinder.
Grinder is almost dead.
Grinder gestures at you.
You suddenly lose the ability to move!
Grinder hits you!
* * * LOW HITPOINT WARNING * * *
You writhe in agony.
* * * LOW HITPOINT WARNING * * *
Grinder gestures at you. Pain shoots through your body!
You die...

######## ...
#......# ....
#.####.# .....
#)# .....
####'####.....
#.............
.#.....5.......
#.......h..#####
###........#
#.....<..+
#........#
#........#
#........#
#####+####


You could see Grinder.

Vanquished Creatures
  An orc priest (D:3)
  An orc wizard (D:3)
  An adder (D:2)
  2 worms (D:2)
  An orc (D:3)
  4 ball pythons (D:1)
  3 endoplasms
  2 giant cockroaches
  3 hobgoblins (D:2)
  2 kobolds
  A quokka (D:2)
  4 bats
  2 frilled lizards
  2 rats
29 creatures vanquished.

Notes
Turn   | Place    | Note
-------+----------+-------------------------------------------
     0 | D:1      | Angani the Draconian Shapeshifter began the quest for the
                  | Orb.
     0 | D:1      | Reached XP level 1. HP: 17/17 MP: 1/1
   188 | D:1      | Reached XP level 2. HP: 16/24 MP: 2/2
   686 | D:2      | Found Amiruin's General Store.
   916 | D:2      | Reached XP level 3. HP: 24/29 MP: 3/3
  1072 | D:2      | You fall into a shaft and drop 1 floor!
  1077 | D:3      | Noticed Grinder
  1095 | D:3      | Reached XP level 4. HP: 36/36 MP: 4/4
  1123 | D:3      | Identified a scroll of acquirement
  1123 | D:3      | Acquired 988 gold pieces
  1127 | D:3      | Paralysed by Grinder for 2 turns
  1154 | D:3      | Paralysed by Grinder for 5 turns
  1161 | D:3      | Paralysed by Grinder for 5 turns
  1162 | D:3      | HP: 1/36 [Grinder (4)]
  1163 | D:3      | Killed from afar by Grinder

Illustrated notes

Levels and vault maps discovered:
D:1:      kilobyte_arrival_exit_the_forest, layout_loops_ring
D:2:      layout_basic, serial_shops, shop, nicolae_lakefront_shop,
          nicolae_shop_trees
D:3:      layout_basic, kennysheep_generic_room_5, uniq_grinder

Skill      XL: |  1  2  3 |
---------------+----------+-----
Unarmed Combat | 3 |  3.6
Fighting       | |  2.1
Dodging        | |  1.7
Shapeshifting  | |  3.9

Action                     |  1- 3 |  4- 6 || total
---------------------------+-------+-------++-------
  Melee: Unarmed           |    83 |    37 ||   120
         Tailslap          |     9 |     1 ||    10
         Punch             |     1 |       ||     1
    Use: Potion            |     4 |       ||     4
         Scroll            |     1 |     3 ||     4
   Stab: Sleeping          |     1 |       ||     1
 Armour: Skin              |    33 |    35 ||    68
  Dodge: Dodged            |    51 |     7 ||    58

Table legend: (Time is in decaauts)
 A = Elapsed time spent in this place.
 B = Non-inter-level travel time spent in this place.
 C = Inter-level travel time spent in this place.
 D = Time resting spent in this place.
 E = Time spent auto-exploring this place.
 F = Levels seen in this place.
 G = Mean time per level.
                   A        B        C        D        E       F      G
               +--------+--------+--------+--------+--------+-----+--------+
         Total |   1160 |   1137 |     23 |      2 |    895 |   3 |  386.7 |
       Dungeon |   1160 |   1137 |     23 |      2 |    895 |   3 |  386.7 |
               +--------+--------+--------+--------+--------+-----+--------+

Top non-repeatable levels by time:
     D:1: 647 daAuts
     D:2: 425 daAuts
     D:3: 87 daAuts
